Zazza, neutral female human Tourist -------- |......| |......| |......-# ------- |......|# |.....| |......|# |.....| --------# #-...... # ###-+-.--- # # #### # ### # ----+-- # # # |$....| # # ## |>....| # # ### f....| # # --+-.---- # |...j.| # # |.......+#### |s....| # -----# |.......|######f@....| ##..<..# |.......-# ------- |{..| |.......| ----- --------- Zazza the Sightseer Experience level: 5 Strength: 25 Dexterity: 8 Constitution: 18 Intelligence: 11 Wisdom: 10 Charisma: 18 Health: 0(45) Energy: 20(20) Def: 4 Gold: 27 Moves: 4724 Dungeon seed: 9xTBtPN5_AJJw8xv Game ID: Zazza_1599897617 Your Inventory: Coins $ - 27 gold pieces Weapons S - a +0 elven dagger (weapon in hand) Armor e - an uncursed +0 Hawaiian shirt (being worn) y - an uncursed +0 pair of gauntlets of power (being worn) Y - a cursed +2 orcish helm (being worn) Comestibles g - an uncursed food ration Potions Q - an uncursed potion of extra healing Wands U - a wand of slow monster (0:5) Tools k - an expensive camera (0:48) l - an uncursed credit card n - a cursed sack p - a cursed expensive camera (0:55) s - a cursed lock pick L - a magic harp (0:6) P - an uncursed tin opener Contents of the sack: 294 gold pieces 2 +0 arrows 32 +2 darts a +0 orcish dagger a +0 scimitar an uncursed +0 Hawaiian shirt an uncursed +0 orcish helm an uncursed apple an uncursed banana an uncursed egg 2 uncursed eggs a cursed partly eaten food ration a cursed food ration 5 uncursed pancakes 6 uncursed slime molds 4 uncursed tripe rations an uncursed scroll of charging a blessed scroll of enchant armor an uncursed scroll of fire a cursed scroll of identify 4 uncursed scrolls of magic mapping 2 cursed potions of blindness a cursed potion of booze 3 uncursed potions of extra healing an uncursed potion of fruit juice a cursed potion of fruit juice an uncursed potion of gain ability an uncursed potion of gain energy 2 cursed potions of gain energy a cursed potion of gain level an uncursed potion of hallucination 4 cursed potions of hallucination 4 uncursed potions of healing a potion of holy water an uncursed potion of invisibility a cursed potion of monster detection an uncursed potion of object detection 2 cursed potions of paralysis an uncursed potion of see invisible 3 cursed potions of sickness 2 cursed potions of sleeping 2 potions of unholy water an uncursed potion of water an uncursed obsidian stone an uncursed worthless piece of orange glass Spells and supernatural/magical abilities: Name Level Category Fail Memory W - pray for help -- divine ? -- Your skills at the end: Fighting Skills Weapon Skills dart [Basic] Spellcasting Skills Final Attributes: You were fervently aligned. You were telepathic. You are dead. Vanquished creatures: a ghost 3 large mimics 2 small mimics a giant beetle a leprechaun a bugbear a mountain nymph a pony a fog cloud a yellow light 2 giant ants 2 little dogs 3 floating eyes a homunculus 5 hill orcs a rothe a giant bat a monkey 2 orc zombies an iguana an acid blob 2 coyotes a gas spore 2 hobbits 2 large kobolds 3 giant rats 3 brown molds a yellow mold 2 red molds a gnome 2 garter snakes a gnome zombie 4 geckos 6 jackals a kobold 2 goblins 5 sewer rats 5 grid bugs 2 lichens 2 kobold zombies 11 newts 91 creatures vanquished. Voluntary challenges: You used a wielded weapon 2 times, starting on turn 4565. You read items or engraved 15 times, starting on turn 498. You never genocided any monsters. You never polymorphed an object. You never changed form. You used no wishes. You never split a pudding. You wrote Elbereth's name 7 times, starting on turn 1137. You never violated your personal moral code. Dungeon overview: The Dungeons of Doom: levels 1 to 7 Level 1 some altars to The Lady, a fountain a long staircase Level 2 a scroll shop, some altars to Blind Io and The Lady Level 3 some fountains stairs to The Gnomish Mines Level 4 a potion shop, an altar to Offler, a fountain Level 5 a delicatessen, a fountain Level 6 a fountain Level 7 <- You were here a fountain The Gnomish Mines: Level 4 stairs to The Dungeons of Doom History has recorded: On T:1 you entered the Dungeons of Doom to retrieve the Amulet of Yendor! On T:395 you reached level 2 of The Dungeons of Doom. On T:773 you reached level 3 of The Dungeons of Doom. On T:977 you reached level 1 of The Gnomish Mines. On T:1324 you reached level 4 of The Dungeons of Doom. On T:1692 you advanced to experience level 2. On T:1761 you advanced to experience level 3. On T:1914 you advanced to experience level 4. On T:2286 you reached level 5 of The Dungeons of Doom. On T:2502 you reached level 6 of The Dungeons of Doom. On T:2935 you advanced to experience level 5. On T:4362 you reached level 7 of The Dungeons of Doom. Score breakdown: Gold: 0 ( 0 points) Experience: 5 levels (11141 points) Exploration: 7 levels ( 14.89%) (10834 points) Discoveries: 7 items ( 2.35%) ( 4597 points) Valuables value: (no points given unless you survive) Artifact value: 0 ( 0 points) Variety of kills: 41 monsters ( 10.76%) ( 9841 points) Turncount: 4724 turns (-1270 points) Survival: died (score multiplied by 80%) Total score: 28114 Latest messages: Armand drops 27 gold pieces. Armand misses the white unicorn. Armand bites the white unicorn. Armand misses the white unicorn. (3x) You have a little trouble lifting U - a uranium wand. Armand misses the white unicorn. You displace Armand. You have a little trouble lifting $ - 27 gold pieces. You displace Armand. The door opens. The newt bites! You kill the newt! The newt misses. You displace Armand. Armand misses the newt. Armand bites the newt. The newt is killed! You hear someone cursing shoplifters. You displace Armand. You hear some noises. You displace Armand. The door resists! The door opens. The giant spider bites! (3x) You die... Final status: Aloha Zazza the Tourist, killed by a giant spider... You died in The Dungeons of Doom on dungeon level 7 with 28114 points, and 321 pieces of gold, after 4724 moves. You were level 5 with a maximum of 45 hit points when you died.